 Dungeon Crawl Stone Soup version 0.28.0-62-gf88900778d (webtiles) character file.

Game seed: 5537808245035282124

2696 cbfl8 the Basher (level 9, -4/84 HPs)
             Began as a Gargoyle Berserker on Aug 15, 2023.
             Was a Priest of Trog.
             Shot with a sling bullet by Joseph (17 damage)
             ... on level 7 of the Dungeon.
             The game lasted 00:13:44 (9476 turns).

cbfl8 the Basher (Gargoyle Berserker)               Turns: 9476, Time: 00:13:45

Health: -4/84      AC: 28    Str: 20    XL:     9   Next: 65%
Magic:  9/9        EV:  2    Int:  9    God:    Trog [***...]
Gold:   365        SH:  0    Dex: 13    Spells: 8/8 levels left

rFire   + . .      SeeInvis .   v - +2 morningstar
rCold   x . .      Faith    .   (no shield)
rNeg    + . .      Spirit   .   (armour currently unavailable)
rPois   ∞          Reflect  .   (helmet currently unavailable)
rElec   .          Harm     .   (cloak currently unavailable)
rCorr   .          Rampage  .   (gloves currently unavailable)
Will    .....      NoTele   +   (boots currently unavailable)
Stlth   +.........              (no amulet)
HPRegen 0.24/turn               u - +4 ring of protection
MPRegen 0.11/turn               h - ring of fire

@: confused, tree-form, on berserk cooldown, slowed, very slow
A: stationary, stasis, torment immunity, boosted hp, sickness immunity, AC +6,
negative energy resistance 1, (electricity resistance), torment resistance 1,
petrification resistance
a: Renounce Religion, Berserk, Trog's Hand


You were on level 7 of the Dungeon.
You worshipped Trog.
Trog was most pleased with you.
You were a tree.
You visited 1 branch of the dungeon, and saw 7 of its levels.

You collected 365 gold pieces.

Inventory:

Hand Weapons
 v - a +2 morningstar (weapon)
Missiles
 k - 13 boomerangs
Armour
 m - a +0 cloak (melded)
 r - a +1 pair of boots (melded)
 w - +0 ice dragon scales (melded)
 z - a +0 helmet (melded)
Jewellery
 h - a ring of fire (right branch)
 n - a ring of see invisible
 u - a +4 ring of protection (left branch)
Wands
 D - a wand of flame (24)
 E - a wand of iceblast (9) (quivered)
Scrolls
 g - 2 scrolls of fear
 o - a scroll of magic mapping {unknown}
 p - a scroll of summoning
 q - 2 scrolls of enchant weapon
 s - a scroll of blinking
 y - a scroll of teleportation {unknown}
 A - 2 scrolls of noise {unknown}
 B - a scroll of enchant armour {unknown}
 C - a scroll of fog {unknown}
Potions
 b - 2 potions of lignification
 c - a potion of ambrosia
 d - a potion of curing {unknown}
 f - a potion of mutation {unknown}
 i - a potion of might {unknown}
 j - 4 potions of degeneration {unknown}
 t - a potion of berserk rage {unknown}


   Skills:
 + Level 6.4 Fighting
 + Level 8.5 Maces & Flails
 + Level 7.7 Armour
 - Level 2.4 Dodging
 + Level 2.1 Stealth
 * Level 4.0 Evocations


You had 8 spell levels left.
You didn't know any spells.
Your spell library was empty.

Dungeon Overview and Level Annotations

Branches:
Dungeon (7/15)
 Temple: D:4-7

Altars:
Elyvilon
Vehumet

Annotations:
D:3 2 transporters
D:7 Joseph


Innate Abilities, Weirdness & Mutations

You are a tree.
Your roots penetrate the ground, keeping you stationary.
You cannot be teleported.
You are immune to unholy pain and torment.
Your maximum health is greatly increased.
Your equipment is partially melded.
You are immune to sickness and miasma.
((Your stone body is resilient. (AC +6)))
You are immune to poison.
You resist negative energy. (rN+)
((You are resistant to electric shocks. (rElec)))
You are resistant to unholy torment.
You are immune to petrification.


Message History

It was a potion of ambrosia.
You are more confused.
You feel invigorated. Something hits you but does no damage.
Joseph shoots a sling bullet.
Reactivating autopickup.
The orc hits you but does no damage. The orc barely misses you.
Joseph shoots a sling bullet.
The sling bullet hits you.
* * * LOW HITPOINT WARNING * * *
It was a potion of lignification.
You turn into a tree.
Your +0 cloak melds into your body.
Your +0 helmet melds into your body.
Your +1 pair of boots melds into your body.
Your +0 ice dragon scales melds into your body.
Your roots penetrate the ground.
The orc hits you but does no damage. x2
Joseph shoots a sling bullet.
The sling bullet hits you but does no damage.
The orc hits you but does no damage. The orc barely misses you.
Okay, then.
You cannot move. (Use ctrl+direction or * direction to attack without moving.) Unknown command.
You cannot move. (Use ctrl+direction or * direction to attack without moving.)
You cannot move. (Use ctrl+direction or * direction to attack without moving.)
You cannot move. (Use ctrl+direction or * direction to attack without moving.)
You cannot move. (Use ctrl+direction or * direction to attack without moving.)
You cannot move. (Use ctrl+direction or * direction to attack without moving.)
You cannot move. (Use ctrl+direction or * direction to attack without moving.)
You cannot move. (Use ctrl+direction or * direction to attack without moving.)
You cannot move. (Use ctrl+direction or * direction to attack without moving.)
You cannot move. (Use ctrl+direction or * direction to attack without moving.)
You cannot move. (Use ctrl+direction or * direction to attack without moving.)
You closely miss the orc.
You feel less invigorated.
Joseph shoots a sling bullet.
The sling bullet hits you!
* * * LOW HITPOINT WARNING * * *
The orc hits you but does no damage. The orc hits you with a +0 mace.
* * * LOW HITPOINT WARNING * * *
Joseph shoots a sling bullet.
The sling bullet hits you!
* * * LOW HITPOINT WARNING * * *
The orc hits you but does no damage. x2
Unknown command.
You swing at nothing.
Joseph shoots a sling bullet.
The sling bullet hits you!
You die...

## #### #. ...
######.##.# # # .
..........# .#.#..
..........##......
#.................
#.# #.#.......<..#
##.. ......o♣..##.#
.... ...##.o)..# #
... ##.# #.....#
...###. #...@.#
[......# #........
.........
#..........#.....#.#
#.....##.#?#........
.......?
............
.##.......
.....#.....


You could see Joseph (corroded) and 2 orcs.

Vanquished Creatures
  Pikel (D:5)
  Prince Ribbit (D:7)
  An ice beast (D:7)
  An orc warrior (D:7)
  A sky beast (D:5)
  A necrophage (D:4)
  2 ogres (D:4)
  A bullfrog (D:7)
  2 scorpions
  A wyvern skeleton (D:6)
  6 killer bees (D:7)
  5 wights
  2 howler monkeys (D:6)
  3 hounds
  2 jellies
  A gnoll shaman (D:5)
  3 bullfrog skeletons
  Crazy Yiuf (D:5)
  A centaur skeleton (D:6)
  2 iguanas
  4 orc wizards
  3 hound skeletons (D:4)
  4 gnolls (D:5)
  7 adders
  A shadow imp (D:6)
  A white imp (D:6)
  3 dart slugs (D:1)
  29 orcs
  6 ball pythons
  8 endoplasms
  4 giant cockroaches
  A goblin (D:1)
  6 hobgoblins (D:1)
  5 jackals
  10 kobolds
  5 quokkas
  3 bats
  4 frilled lizards
  5 rats
147 creatures vanquished.

Vanquished Creatures (others)
  An orc wizard (D:7)
1 creature vanquished.

Grand Total: 148 creatures vanquished

Notes
Turn   | Place    | Note
-------+----------+-------------------------------------------
     0 | D:1      | cbfl8 the Gargoyle Berserker began the quest for the Orb.
     0 | D:1      | Reached XP level 1. HP: 14/14 MP: 1/1
   404 | D:1      | Reached XP level 2. HP: 8/19 MP: 2/2
  1311 | D:1      | Reached XP level 3. HP: 24/24 MP: 3/3
  1818 | D:1      | Reached ** piety under Trog
  1949 | D:2      | Found a faded altar of an unknown god.
  2518 | D:2      | Reached XP level 4. HP: 27/29 MP: 4/4
  2802 | D:3      | Found a transporter.
  2851 | D:3      | Reached skill level 4 in Maces & Flails
  2961 | D:3      | Found a transporter.
  3320 | D:3      | Reached skill level 1 in Stealth
  3320 | D:3      | Reached XP level 5. HP: 30/33 MP: 5/5
  3652 | D:4      | Noticed an ogre
  3658 | D:4      | Killed an ogre
  3803 | D:4      | Reached skill level 5 in Maces & Flails
  3803 | D:4      | Reached XP level 6. HP: 33/38 MP: 6/6
  4033 | D:4      | Reached XP level 7. HP: 13/44 MP: 7/7
  4579 | D:4      | Reached *** piety under Trog
  4647 | D:4      | Reached skill level 6 in Maces & Flails
  5542 | D:5      | Entered Level 5 of the Dungeon
  5598 | D:5      | Found a white marble altar of Elyvilon.
  6321 | D:5      | Found a runed translucent door.
  6322 | D:5      | Noticed Crazy Yiuf
  6331 | D:5      | Killed Crazy Yiuf
  6332 | D:5      | Reached skill level 5 in Armour
  6429 | D:5      | Reached skill level 1 in Evocations
  6590 | D:5      | Noticed Pikel
  6605 | D:5      | Killed Pikel
  6606 | D:5      | Reached skill level 5 in Fighting
  6606 | D:5      | Reached skill level 7 in Maces & Flails
  6606 | D:5      | Reached XP level 8. HP: 48/49 MP: 8/8
  8036 | D:6      | Reached XP level 9. HP: 49/54 MP: 9/9
  8566 | D:6      | Found a radiant altar of Vehumet.
  8602 | D:6      | Reached skill level 8 in Maces & Flails
  9152 | D:7      | Reached **** piety under Trog
  9174 | D:7      | Noticed Prince Ribbit
  9187 | D:7      | Killed Prince Ribbit
  9455 | D:7      | Noticed Joseph
  9476 | D:7      | Shot with a sling bullet by Joseph

Illustrated notes

Levels and vault maps discovered:
D:1:      tarquinn_simple_flora_water_d, layout_basic, kennysheep_nondescript,
          minmay_liquid_box
D:2:      minmay_chambers_of_ones, layout_loops_ring,
          shapermc_ecumenical_altar_starsandcircs
D:3:      gammafunk_steamed_eel, layout_loops_cross, grunt_ministairs_9
D:4:      layout_layer_cave, solitary_fountain,
          minmay_fractal_squares_diagonal_5
D:5:      layout_basic, elyvilon_altar_4, uniq_crazy_yiuf_cottage, uniq_pikel
D:6:      layout_gridville, mainiacjoe_overflow_alcove_2
D:7:      minmay_the_grid_plus [minmay_the_grid_gridbox, minmay_the_grid_paths,
          minmay_the_grid_diamond_grid, minmay_the_grid_minigrid_medium,
          minmay_the_grid_prize_shrinking_boxes], layout_basic,
          mainiacjoe_overflow_small_starburst, minmay_temple_entry_trees,
          uniq_prince_ribbit1, uniq_joseph

Skill      XL: |  1  2  3  4  5  6  7  8  9 |
---------------+----------------------------+-----
Maces & Flails | 4 5 7 8 |  8.5
Armour         | 3 4 6 7 |  7.7
Stealth        | 1 2 |  2.1
Fighting       | 4 5 6 |  6.4
Dodging        | 2 |  2.4
Evocations     | 2 4 |  4.0

Action                   |  1- 3 |  4- 6 |  7- 9 || total
-------------------------+-------+-------+-------++-------
Melee: Mace              |   117 |   132 |   385 ||   634
       Punch             |     1 |     2 |     4 ||     7
       Morningstar       |       |       |    30 ||    30
Invok: Berserk           |       |     3 |     9 ||    12
Evoke: Wand              |       |       |     3 ||     3
  Use: Scroll            |       |       |     7 ||     7
       Potion            |       |       |     2 ||     2
 Stab: Sleeping          |     1 |       |       ||     1
Armor: Animal skin       |    23 |       |       ||    23
       Ring mail         |    30 |    76 |    38 ||   144
       Ice dragon scales |       |       |   318 ||   318
       Skin              |       |       |     7 ||     7
Dodge: Dodged            |    82 |    99 |   305 ||   486
